Description

Anyone order a cheese pizza?

Replay - 2020-03-22 - (P)Zest VS (Z)Scarlett

Build Order

Get SALT Encoding   

  12  0:00  Drone  
  13  0:12  Overlord  
  13  0:17  Drone  
  14  0:31  Drone x2  
  16  0:38  Drone  
  16  0:39  Extractor  
  16  0:45  Spawning Pool  
  16  0:49  Drone  
  16  0:56  Drone  
  17  1:18  Hatchery  
  16  1:23  Drone  
  17  1:31  Zergling x2  
  18  1:36  Queen  
  20  1:43  Metabolic Boost  
  20  1:48  Drone  
  21  1:57  Roach Warren  
  21  2:00  Drone  
  22  2:08  Drone  
  22  2:10  Overlord  
  22  2:29  Zergling x2  
  23  2:37  Roach x4  
  23  2:43  Overlord  
  31  2:47  Roach x2  
  35  3:00  Zergling x2  
  36  3:08  Zergling x6  
  39  3:17  Zergling x4  
  41  3:20  Ravager  
  41  3:24  Overlord  
  41  3:26  Zergling x4  
Spawning Tool Build Advisor. Get it on Overwolf

Go to:

Details

  • Created by: kingfish
  • Published on: Mar 29, 2020
  • Modified on: Mar 29, 2020
  • Patch: 4.11.0
Show
View Real Time Build Order
Export as new Build Order

Comments (0)

There are no comments. Be the first!

Create an account to comment!